 Dungeon Crawl Stone Soup version 0.30.1 (webtiles) character file.

Game seed: 6001325951972931388

565 Pepete the Magician (level 7, 0/67 HPs)
             Began as a Djinni Conjurer on July 9, 2023.
             Was an Initiate of Makhleb.
             Slain by Duvessa
             ... wielding a +1 short sword of protection
              (13 damage)
             ... on level 5 of the Dungeon.
             The game lasted 00:05:18 (6982 turns).

Pepete the Magician (Djinni Conjurer)               Turns: 6982, Time: 00:05:18

Health: 0/67       AC:  4    Str:  6    XL:     7   Next: 58%
Gold:   178        EV: 12    Int: 21    God:    Makhleb [......] SH:  0 Dex: 12

rFire   + + .        (no weapon)
rCold   x . .        (no shield)
rNeg    . . .        a - +0 robe
rPois   ∞            (no helmet)
rElec   .            (no cloak)
rCorr   +            u - +1 pair of gloves
SInv    .            (boots unavailable)
Will    .....        f - amulet of regeneration Stlth
                     o - ring of resist corrosion
HPRegen 1.11/turn    (no ring)
MPRegen 0.00/turn

%: infuse magic (-1 HP)
@: mighty, brilliant, berserking, flying, very quick
A: sickness immunity, fire resistance 2, cold vulnerability 1, float, innate
caster, HP casting, extra vitality 1
a: Renounce Religion


You were on level 5 of the Dungeon.
You worshipped Makhleb.
Makhleb was noncommittal.
You visited 1 branch of the dungeon, and saw 5 of its levels.

You collected 178 gold pieces.

Inventory:

Armour
 a - a +0 robe (worn)
 t - a +0 leather armour
 u - a +1 pair of gloves (worn)
Magical Staves
 d - a staff of earth
Jewellery
 f - an amulet of regeneration (around neck)
 n - an amulet of faith
 o - a ring of resist corrosion (left hand)
Wands
 s - a wand of flame (25)
Scrolls
 b - 7 scrolls of identify {unknown}
 c - 3 scrolls of fear {unknown}
 k - a scroll of immolation {unknown}
 l - 2 scrolls of magic mapping {unknown}
 m - a scroll of vulnerability {unknown}
 p - a scroll of amnesia {unknown}
Potions
 e - a potion of might
 g - a potion of curing
 j - a potion of heal wounds {unknown}
 q - a potion of ambrosia {unknown}
 r - a potion of mutation {unknown}


   Skills:
 * Level 5.1 Armour
 - Level 2.1 Dodging
 - Level 1.5 Stealth
 * Level 5.2 Spellcasting


You knew the following spells:

 Your Spells              Type           Power      Damage    Failure   Level
a - Magic Dart            Conj           100%       1d8       1%          1
b - Searing Ray           Conj           82%        2d7       1%          2
c - Dazzling Flash        Conj/Hex       82%        N/A       3%          3
d - Fulminant Prism       Conj/Hex       20%        3d12      12%         4
e - Iskenderun's Mystic   Conj/Tloc      41%        2d9       12%         4
f - Foxfire               Conj/Fire      100%       2x1d9     1%          1
g - Momentum Strike       Conj/Tloc      82%        3d10      1%          2
h - Confusing Touch       Hex            41%        N/A       3%          3
Your spell library was empty.

Dungeon Overview and Level Annotations

Branches:
Dungeon (5/15)
 Temple: D:4-7

Altars:
Cheibriados
Dithmenos
Gozag
Hepliaklqana
Makhleb
Zin

Shops:
D:2 ?**

Annotations:
D:5 Dowan, Duvessa


Innate Abilities, Weirdness & Mutations

You are immune to sickness and miasma.
You are immune to poison.
Your flesh is very heat resistant. (rF++)
You are vulnerable to cold. (rC-)
You float through the air rather than walking.
You learn spells naturally, not from books.
Your magical power is your life essence.
You have superior vitality. (+4 MHP)


Message History

You feel better.
Duvessa hits you with a +1 short sword of protection!
You feel better.
Duvessa hits you with a +1 short sword of protection.
Casting: Magic Dart (safe; 1% risk of failure)
Confirm with . or Enter, or press ? or * to list all spells.
Okay, then.
Casting: Magic Dart (safe; 1% risk of failure)
Confirm with . or Enter, or press ? or * to list all spells.
The spell is quite dangerous to miscast (12% risk of failure)!
Continue anyway?
Aiming: Fulminant Prism (quite dangerous; 12% risk of failure)
Press: ? - help, Dir - move target, p - Duvessa You conjure a prism of explosive energy!
A fulminant prism comes into view.
Duvessa hits you but does no damage.
Unknown command.
Casting: Fulminant Prism (quite dangerous; 12% risk of failure)
Confirm with . or Enter, or press ? or * to list all spells.
You conjure some foxfire!
Your fulminant prism crackles loudly.
Dowan mumbles some strange words.
Dowan blinks!
Duvessa hits you with a +1 short sword of protection!
Your foxfire dissipates!
Your fulminant prism explodes!
The blast of energy engulfs Dowan!
Dowan is moderately wounded.
It was a potion of might.
You feel very mighty all of a sudden. Duvessa barely misses you.
It was a potion of brilliance.
You feel clever all of a sudden.
Duvessa hits you with a +1 short sword of protection!
* * * LOW HITPOINT WARNING * * *
Unknown command.
It was a potion of berserk rage.
A red film seems to cover your vision as you go berserk!
You feel yourself moving faster!
You feel mighty! Duvessa says, "Did you see that move?
Perfect!"
Duvessa hits you with a +1 short sword of protection!
You die...

.# .# ## .# #. ##.#
#. ##..#### #. ...
..# #. #e# #.# #.
#e# #.# #. #@# #.#
##.
##.###.##########..
#..................
#.###############..
#.# #.... #.# #.###
#.# #.... #.# #.###
#.# #.#


You could see Duvessa and Dowan.

Vanquished Creatures
  A phantom (D:3)
  Blork the orc (D:5)
  2 jellies
  3 hounds
  An orc priest (D:3)
  Jessica (D:2)
  2 iguanas
  7 adders
  A worm (D:5)
  4 dart slugs
  12 orcs
  2 endoplasms (D:1)
  3 giant cockroaches
  12 hobgoblins
  7 kobolds
  2 quokkas (D:1)
  8 ball pythons
  3 bats
  A frilled lizard (D:1)
  9 goblins
  5 rats (D:1)
87 creatures vanquished.

Vanquished Creatures (others)
  A fulminant prism (D:5)
1 creature vanquished.

Grand Total: 88 creatures vanquished

Notes
Turn   | Place    | Note
-------+----------+-------------------------------------------
     0 | D:1      | Pepete the Djinni Conjurer began the quest for the Orb.
     0 | D:1      | Pepete set off with the following spells memorised: Magic
                  | Dart, Searing Ray, Dazzling Flash, Fulminant Prism,
                  | Iskenderun's Mystic Blast.
     0 | D:1      | Reached XP level 1. HP: 15/15 MP: 0/0
   449 | D:1      | Reached XP level 2. HP: 17/21 MP: 0/0
   450 | D:1      | Reached skill level 1 in Armour
   987 | D:1      | Reached XP level 3. HP: 24/25 MP: 0/0
   987 | D:1      | Learned a level 1 spell: Foxfire
  2352 | D:2      | Found Weet's Assorted Antiques.
  2589 | D:2      | Reached XP level 4. HP: 31/31 MP: 0/0
  2994 | D:2      | Found The Oracle's Delphic Readings.
  3070 | D:2      | Found Tealias's Assorted Antiques.
  3092 | D:2      | Noticed Jessica
  3097 | D:2      | Killed Jessica
  3553 | D:3      | Reached XP level 5. HP: 35/35 MP: 0/0
  3553 | D:3      | Learned a level 2 spell: Momentum Strike
  3617 | D:3      | Noticed a phantom
  3631 | D:3      | Killed a phantom
  3632 | D:3      | Reached XP level 6. HP: 21/40 MP: 0/0
  4159 | D:3      | Found an opulent altar of Gozag.
  4159 | D:3      | Found a hazy altar of Hepliaklqana.
  5503 | D:4      | Reached XP level 7. HP: 45/45 MP: 0/0
  5503 | D:4      | Learned a level 3 spell: Confusing Touch
  5990 | D:5      | Entered Level 5 of the Dungeon
  6016 | D:5      | Reached skill level 5 in Spellcasting
  6168 | D:5      | Noticed Blork the orc
  6179 | D:5      | Killed Blork the orc
  6600 | D:5      | Reached skill level 5 in Armour
  6709 | D:5      | Found a shadowy altar of Dithmenos.
  6709 | D:5      | Found a snail-covered altar of Cheibriados.
  6717 | D:5      | Found a glowing silver altar of Zin.
  6738 | D:5      | Found a faded altar of an unknown god.
  6843 | D:5      | Found a burning altar of Makhleb.
  6914 | D:5      | Became a worshipper of Makhleb the Destroyer
  6961 | D:5      | Noticed Duvessa
  6963 | D:5      | Noticed Dowan
  6982 | D:5      | Slain by Duvessa

Illustrated notes

Levels and vault maps discovered:
D:1:      dpeg_arrival_arbitrary_c, layout_basic
D:2:      layout_basic, serial_shops, shop, shop, nicolae_nh_oracle_at_delphi,
          uniq_jessica
D:3:      layout_loops_ring, mainiacjoe_overflow_six_doors_small,
          gammafunk_temple_overflow_elements
D:4:      layout_basic
D:5:      layout_loops_ring, chequers_temple_overflow_minitemple, serial_shops,
          nicolae_shop_stone, uniq_blork_the_orc, uniq_eustachio, uniq_pikel,
          uniq_duvessa

Skill      XL: |  1  2  3  4  5  6  7 |
---------------+----------------------+-----
Armour         | 1 2 3 4 5 |  5.1
Spellcasting   | 4 5 |  5.2
Dodging        | |  2.1
Stealth        | |  1.5

Action                     |  1- 3 |  4- 6 |  7- 9 || total
---------------------------+-------+-------+-------++-------
   Cast: Magic Dart        |    71 |    96 |    75 ||   242
         Searing Ray       |       |     1 |       ||     1
         Fulminant Prism   |       |       |     1 ||     1
         Foxfire           |       |       |     1 ||     1
    Use: Potion            |       |       |     6 ||     6
 Armour: Robe              |       |     3 |     2 ||     5
  Dodge: Dodged            |     4 |    10 |     6 ||    20
